 Dungeon Crawl Stone Soup version 0.22-a0-348-gd16d139 (webtiles) character file.

148521 grindst0ne the Champion of Chaos (level 16, -3/144 HPs)
             Began as a Deep Dwarf Artificer on Apr 9, 2018.
             Was the Champion of Makhleb.
             Killed from afar by Nikola (25 damage)
             ... with a chain lightning
             ... on level 1 of the Spider Nest.
             The game lasted 01:30:18 (24283 turns).

grindst0ne the Champion of Chaos (DDAr)            Turns: 24283, Time: 01:30:19

Health: -3/144     AC: 20    Str: 18    XL:     16   Next: 94%
Magic:  21/21      EV: 13    Int: 17    God:    Makhleb [******]
Gold:   736        SH:  0    Dex: 13    Spells: 15/15 levels left

rFire    + + +     SeeInvis .   c - +3 battleaxe
rCold    . . .     Gourm    .   (shield currently unavailable)
rNeg     + . .     Faith    +   M - +0 fire dragon scales
rPois    +         Spirit   .   v - +2 hat of Xaihie {+Fly rCorr MP+9 Slay+3}
rElec    .         Reflect  .   N - scarf {rC+ rF+}
rCorr    +         Harm     .   B - +1 pair of gloves
MR       ++...                  a - +1 pair of boots
Stlth    ..........             e - amulet of faith
HPRegen  0.00/turn              l - +6 ring of slaying
MPRegen  0.17/turn              m - ring of poison resistance

@: non-regenerating
A: damage resistance, heal wounds, negative energy resistance 1, sense
surroundings 2, no regeneration
a: Heal Wounds, Minor Destruction, Lesser Servant of Makhleb, Major Destruction,
Greater Servant of Makhleb, Renounce Religion, Evoke Flight


You were on level 1 of the Spider Nest.
You worshipped Makhleb.
Makhleb was exalted by your worship.
You were not hungry.

You visited 5 branches of the dungeon, and saw 25 of its levels.
You also visited: Sewer and Bailey.

You collected 2424 gold pieces.
You spent 1688 gold pieces at shops.

Inventory:

Hand Weapons
 c - a +3 battleaxe (weapon)
 L - a +3 scimitar of flaming
Armour
 a - a +1 pair of boots (worn)
 v - the +2 hat of Xaihie (worn) {+Fly rCorr MP+9 Slay+3}
   (You bought it in a shop on level 2 of the Orcish Mines)

   It affects your accuracy and damage with ranged weapons and melee attacks
   (+3).
   It affects your magic capacity (+9).
   It lets you fly.
   It protects you from acid and corrosion.
 B - a +1 pair of gloves (worn)
 M - +0 fire dragon scales (worn)
 N - a scarf of resistance (worn)
 T - a +2 cloak of magic resistance
Jewellery
 e - an amulet of faith (around neck)
 h - an uncursed ring of positive energy
 l - a +6 ring of slaying (left hand)
 m - a ring of poison resistance (right hand)
 H - an uncursed ring of protection from magic
 O - an uncursed ring of see invisible
 Q - the ring of the Hippo {rElec rF+}
   (You bought it in a shop on level 4 of the Dungeon)

   [ring of protection from fire]

   It protects you from fire.
   It insulates you from electricity.
Wands
 b - a wand of digging (54)
 d - a wand of enslavement (66)
 n - a wand of flame (12)
 w - a wand of iceblast (13)
 C - a wand of acid (4)
 Y - a wand of paralysis (8)
Scrolls
 i - 11 scrolls of remove curse
 k - 2 scrolls of holy word
 p - 2 scrolls of magic mapping
 q - 3 scrolls of fog
 r - 10 scrolls of teleportation
 y - 6 scrolls of fear
 A - 4 scrolls of amnesia
 K - 5 scrolls of enchant weapon
 P - 4 scrolls of enchant armour
 S - 3 scrolls of brand weapon
 V - 3 scrolls of identify
 W - a scroll of silence
 X - 2 scrolls of summoning
 Z - 2 scrolls of blinking
Potions
 j - a potion of brilliance
 s - 6 potions of agility
 u - 3 potions of mutation
 x - 5 potions of ambrosia
 z - 5 potions of magic
 E - 2 potions of flight
 G - 2 potions of invisibility
 I - 5 potions of might
 J - 3 potions of resistance
 R - 3 potions of cancellation
Miscellaneous
 g - a phantom mirror
Comestibles
 f - 48 rations
 o - 2 chunks of flesh


   Skills:
 * Level 9.0 Fighting
   Level 0.8 Short Blades
 + Level 17.7 Axes
 + Level 14.7 Armour
 - Level 7.0 Dodging
 - Level 1.2 Stealth
 + Level 18.9 Invocations
 - Level 10.0 Evocations


You had 15 spell levels left.
You didn't know any spells.

Dungeon Overview and Level Annotations

Branches:
Dungeon (15/15)            Temple (1/1) D:6            Lair (6/6) D:10
 Shoals (0/4) Lair:3       Spider (1/4) Lair:2        Slime (0/5) Lair:6
    Orc (2/2) D:11            Elf (0/3) Orc:2        Vaults (0/5) D:13
 Depths (0/5) D:15

Altars:
Cheibriados
Dithmenos
Elyvilon
Fedhas
Gozag
Hepliaklqana
Makhleb
Qazlal
Ru
Sif Muna
Trog
Uskayaw
Vehumet
Wu Jian
Xom
Yredelemnul
Zin
The Shining One
Beogh

Shops:
D:4 =   D:6 !   D:7 (   D:8 !   Orc:2 *[[*

Annotations:
D:11 exclusion: downstairs
Lair:3 exclusion: 4 oklob plants
Spider:1 Nikola


Innate Abilities, Weirdness & Mutations

You are resistant to damage.
You can heal yourself by infusing magical energy.
You resist negative energy. (rN+)
You passively map the area around you.
You do not regenerate.


Message History

Evoke which item? (* to show all) (? for menu, Esc to quit)
Aiming: Iceblast
Press: ? - help, Shift-Dir - straight line, f/p - Nikola
Aim: Nikola, wielding a rapier of electrocution, wearing a cloak and wearing a pair of gloves (lightly wounded)
The mass of ice explodes!
The iceblast engulfs Nikola.
Nikola is lightly wounded.
The orb of destruction hits you!
Evoke which item? (* to show all) (? for menu, Esc to quit)
Aiming: Iceblast
Press: ? - help, Shift-Dir - straight line, f/p - Nikola
Aim: Nikola, wielding a rapier of electrocution, wearing a cloak and wearing a pair of gloves (lightly wounded)
The mass of ice explodes!
The iceblast engulfs Nikola.
Nikola is moderately wounded.
You hear an angry hiss.
Nikola gestures wildly while chanting.
You hear a mighty clap of thunder!
The lightning arc hits you!
* * * LOW HITPOINT WARNING * * *
The lightning arc hits Nikola.
The lightning arc hits you!
You die...

*#.......#..#. .. ..#
###.....#......#....s. , , ,
##...#.##..##..(.. ... ,,
#............†.......#),
*#...†.#.........#.#... ,
##..%†.#.^...........#,,, *,
##......##..†#†@†.... , #
###...)....#†§§..# ##
##.†#.†..^..@#......, ,, .##
#.#...†.##.....#....#...,,
#.###..†.#....#..#.........,
, ##.###...^^%....#..#......
, *,,
##.###†.##†#....#^#.....#. ,
##.#.#.....#..#.....#...# *
##†###.............#..#
##.## ###.#....†.#...#.#
##.## #...........#...#


You could see Nikola and a demonic crawler.

Vanquished Creatures
  Frances (Spider:1)
  3 orc warlords
  An emperor scorpion (Spider:1)
  Azrael (D:14)
  A fire dragon (Lair:6)
  Fannar (D:12)
  Erolcha (D:9)
  A catoblepas (D:14)
  4 hydras
  A death knight (D:13)
  An anaconda (shapeshifter) (D:13)
  11 two-headed ogres
  An ogre mage (D:15)
  3 orc high priests (Orc:2)
  Urug (D:14)
  An unseen horror (D:11)
  3 skeletal warriors (D:12)
  An unseen horror (shapeshifter) (D:15)
  A deep troll (D:13)
  2 wizards (D:15)
  A swamp dragon (Lair:6)
  6 orc knights
  A phantasmal warrior (D:13)
  A necromancer (D:13)
  6 orb spiders
  3 wolf spiders
  Pikel (D:5)
  3 harpies (D:14)
  5 orc sorcerers
  6 elephants
  12 ugly things
  4 cyclopes
  3 manticores
  A centaur zombie (D:12)
  Joseph (Lair:1)
  A naga mage (D:15)
  10 black mambas
  A guardian serpent (Lair:6)
  An eye of devastation (Lair:6)
  A torpor snail (Spider:1)
  10 spiny frogs
  3 freezing wraiths
  3 gargoyles
  4 rime drakes
  9 komodo dragons
  5 demonic crawlers
  4 jumping spiders (Spider:1)
  A merfolk (Lair:3)
  14 trolls
  11 blink frogs
  8 hippogriffs
  2 slime creatures (D:12)
  5 hornets
  2 shadows (D:11)
  6 dream sheep (Lair:5)
  7 tarantellas (Spider:1)
  27 redbacks
  10 wyverns
  4 wraiths
  5 basilisks
  47 yaks
  5 ice beasts
  A hungry ghost (D:12)
  Eustachio (D:5)
  Grum (Lair:1)
  3 fire elementals (D:14)
  4 wargs
  A steam dragon (Lair:6)
  A soldier ant (D:10)
  30 water moccasins
  A hell hound (D:14)
  3 acid dragons (Lair:6)
  7 porcupines
  The ghost of Amnesiac the Sneak, an amateur SpAs (D:3)
  53 orc warriors
  A swamp drake (Lair:6)
  5 black bears
  3 sky beasts
  A necrophage (D:13)
  4 phantoms
  11 ogres
  8 wolves
  4 eyes of draining
  12 centaurs
  13 crocodiles
  4 big kobolds
  Blork the orc (D:5)
  12 bullfrogs
  A wyvern skeleton (D:11)
  3 scorpions
  6 killer bees (D:11)
  14 wights
  2 howler monkeys
  4 jellies
  5 crimson imps
  A quasit (D:8)
  4 hounds
  A hound (shapeshifter) (D:13)
  3 bullfrog skeletons
  4 centaur skeletons
  29 orc priests
  Jessica (D:15)
  6 iguanas
  Natasha (thrice) (D:3)
  24 orc wizards
  13 worker ants
  Terence (D:3)
  A hound skeleton (D:6)
  A worker ant zombie (D:10)
  6 gnolls
  18 adders
  5 shadow imps
  2 oozes
  An adder skeleton (D:7)
  2 worms (D:3)
  4 dart slugs
  10 leopard geckos
  99 orcs
  15 bats
  8 giant cockroaches
  14 goblins
  13 hobgoblins
  12 jackals
  5 quokkas
  2 ball pythons
  A ball python skeleton (D:5)
  3 frilled lizards
  33 kobolds
  A leopard gecko skeleton (D:4)
  A leopard gecko zombie (D:7)
  A quokka skeleton (D:7)
  19 rats
  3 fungi
  5 plants
  A withered plant (D:14)
897 creatures vanquished.

Vanquished Creatures (collateral kills)
  2 hydras
  A death knight (D:13)
  A two-headed ogre (D:12)
  An orc high priest (Orc:2)
  A lindwurm (Lair:6)
  A phantasmal warrior (D:13)
  An orb spider (Spider:1)
  A cyclops (D:13)
  Maurice (D:13)
  A black mamba (Lair:6)
  3 spiny frogs (Lair:6)
  A gargoyle (D:13)
  A rime drake (Lair:6)
  A komodo dragon (Lair:6)
  2 freezing wraiths (D:13)
  A jumping spider (Spider:1)
  2 trolls
  A hornet (Lair:6)
  A slime creature (D:12)
  2 hippogriffs (Lair:6)
  2 wyverns (Lair:6)
  5 yaks
  4 water moccasins (Lair:6)
  An ice beast (D:6)
  An orc warrior (Orc:2)
  4 wolves (Lair:6)
  2 centaurs (D:13)
  A crocodile (Lair:6)
  A crimson imp (D:13)
  2 orc priests
  An iguana (D:12)
  A gnoll (D:3)
  An adder (D:6)
  7 orcs
  2 goblins (D:13)
  A rat (D:3)
  2 plants (Lair:6)
64 creatures vanquished.

Vanquished Creatures (others)
  An unseen horror (D:14)
  An orb spider (Spider:1)
  A jumping spider (Spider:1)
  3 slaves (D:5)
  2 worker ants (D:5)
  A gnoll (D:3)
  A shadow imp (D:5)
  7 fungi
  23 plants
40 creatures vanquished.

Grand Total: 1001 creatures vanquished

Notes
Turn   | Place    | Note
-------+----------+-------------------------------------------
     0 | D:1      | grindst0ne the Deep Dwarf Artificer began the quest for the Orb.
     0 | D:1      | Reached XP level 1. HP: 16/16 MP: 3/3
    79 | D:1      | Reached skill level 1 in Fighting
   230 | D:1      | Reached XP level 2. HP: 23/25 MP: 5/5
   822 | D:1      | Reached XP level 3. HP: 26/32 MP: 6/6
   893 | D:1      | Reached skill level 5 in Evocations
  1605 | D:2      | Reached XP level 4. HP: 23/40 MP: 8/8
  2410 | D:3      | Reached XP level 5. HP: 44/49 MP: 8/8
  2689 | D:3      | Noticed Terence
  2699 | D:3      | Killed Terence
  2769 | D:3      | Noticed Natasha
  2789 | D:3      | Killed Natasha
  3081 | D:3      | Found a shadowy altar of Dithmenos.
  3083 | D:3      | Noticed Natasha
  3104 | D:3      | Killed Natasha
  3104 | D:3      | Reached XP level 6. HP: 23/57 MP: 10/10
  3221 | D:3      | Noticed Natasha
  3223 | D:3      | Killed Natasha
  3326 | D:3      | Noticed Amnesiac's ghost (amateur SpAs)
  3341 | D:3      | Killed Amnesiac's ghost
  3341 | D:3      | Reached skill level 1 in Axes
  3936 | D:4      | Found Xuekaf's Jewellery Boutique.
  3962 | D:4      | Found a glowing drain.
  3966 | Sewer    | Entered a sewer
  4076 | Sewer    | Reached XP level 7. HP: 58/66 MP: 10/10
  4140 | Sewer    | Found a white marble altar of Elyvilon.
  4308 | D:5      | Entered Level 5 of the Dungeon
  4367 | D:5      | Noticed Pikel
  4391 | D:5      | Killed Pikel
  4391 | D:5      | Reached skill level 5 in Fighting
  4391 | D:5      | Reached skill level 5 in Axes
  4391 | D:5      | Reached XP level 8. HP: 41/74 MP: 10/12
  4556 | D:5      | Noticed Eustachio
  4587 | D:5      | Killed Eustachio
  4928 | D:5      | Noticed Blork the orc
  4954 | D:5      | Killed Blork the orc
  5442 | D:6      | Gained mutation: You passively map the area around you. [Deep Dwarf growth]
  5442 | D:6      | Reached XP level 9. HP: 40/82 MP: 13/13
  5577 | D:6      | Found a stormy altar of Qazlal.
  5607 | D:6      | Found Buptogosk's Distillery.
  5706 | D:6      | Found a staircase to the Ecumenical Temple.
  5785 | Temple   | Entered the Ecumenical Temple
  5788 | Temple   | Became a worshipper of Makhleb the Destroyer
  6204 | D:7      | Reached skill level 1 in Invocations
  6303 | D:7      | Reached skill level 10 in Evocations
  6343 | D:7      | Reached skill level 2 in Invocations
  6404 | D:7      | Reached skill level 3 in Invocations
  6408 | D:7      | Reached * piety under Makhleb
  6455 | D:7      | Found Tededgh's Weapon Shop.
  6710 | D:8      | Reached skill level 4 in Invocations
  6916 | D:8      | Reached skill level 5 in Invocations
  7174 | D:8      | Found Qemmanoi's Distillery.
  7184 | D:8      | Reached XP level 10. HP: 69/94 MP: 11/11
  7330 | D:4      | Bought the ring of the Hippo {rElec rF+} for 468 gold pieces
  7474 | D:9      | Reached skill level 6 in Invocations
  8041 | D:9      | Reached ** piety under Makhleb
  8183 | D:9      | Reached skill level 10 in Axes
  8229 | D:9      | Reached skill level 7 in Invocations
  8255 | D:9      | Noticed Erolcha
  8260 | D:9      | Killed Erolcha
  8435 | D:10     | Entered Level 10 of the Dungeon
  8519 | D:10     | Reached skill level 8 in Invocations
  8600 | D:10     | Found a staircase to the Lair.
  8782 | D:10     | Reached skill level 9 in Invocations
  8978 | D:10     | Reached *** piety under Makhleb
  9003 | D:10     | Noticed a gargoyle
  9011 | D:10     | Killed a gargoyle
  9042 | D:10     | Reached XP level 11. HP: 99/103 MP: 12/12
  9081 | D:10     | Paralysed by a hornet for 2 turns
  9184 | D:10     | Noticed a two-headed ogre
  9189 | D:10     | Killed a two-headed ogre
  9189 | D:10     | Reached skill level 1 in Armour
  9189 | D:10     | Reached skill level 10 in Invocations
  9456 | D:11     | Found an opulent altar of Gozag.
  9654 | D:11     | Reached **** piety under Makhleb
  9847 | D:11     | Killed an unseen horror
  9847 | D:11     | Reached skill level 11 in Invocations
 10113 | D:11     | Found a staircase to the Orcish Mines.
 10326 | D:12     | Noticed a two-headed ogre
 10331 | D:12     | Killed a two-headed ogre
 10331 | D:12     | Reached skill level 5 in Armour
 10399 | D:12     | Paralysed by a hornet for 3 turns
 10434 | D:12     | Noticed a green ugly thing
 10485 | Lair:1   | Entered Level 1 of the Lair of Beasts
 10673 | Lair:1   | Noticed Grum
 10680 | Lair:1   | Killed Grum
 10794 | Lair:1   | Noticed Joseph
 10804 | Lair:1   | Killed Joseph
 10804 | Lair:1   | Reached ***** piety under Makhleb
 10889 | Lair:1   | Reached skill level 12 in Invocations
 10892 | Lair:1   | Reached XP level 12. HP: 88/110 MP: 13/13
 11530 | Lair:2   | Noticed a four-headed hydra
 11533 | Lair:2   | Killed a four-headed hydra
 11685 | Lair:2   | Found a hole to the Spider Nest.
 12001 | Lair:2   | Reached skill level 13 in Invocations
 12358 | D:7      | Bought a +2 falchion of flaming for 191 gold pieces
 12614 | Lair:3   | Noticed a four-headed hydra
 12630 | Lair:3   | Killed a one-headed hydra
 12987 | Lair:3   | Noticed a seven-headed hydra
 13007 | Lair:3   | Killed a one-headed hydra
 13095 | Lair:3   | Reached XP level 13. HP: 74/117 MP: 14/14
 13101 | Lair:3   | Reached skill level 14 in Invocations
 13187 | Lair:3   | Found the +8 whip "Snakebite" {curare, rPois}
 13332 | Lair:3   | Found a staircase to the Shoals.
 15077 | Lair:5   | Reached skill level 10 in Armour
 15464 | Lair:5   | Reached ****** piety under Makhleb
 15904 | Lair:6   | Entered Level 6 of the Lair of Beasts
 15921 | Lair:6   | Reached skill level 15 in Invocations
 16040 | Lair:6   | Reached skill level 15 in Axes
 16218 | Lair:6   | Identified the cursed +0 quarterstaff "Riudghuna" {pain, Fragile rF+ rN+ Int+4} (You found it on level 6 of the Lair of Beasts)
 16431 | Lair:6   | Found a staircase to the Slime Pits.
 16681 | Lair:6   | Gained mutation: You resist negative energy. (rN+) [Deep Dwarf growth]
 16681 | Lair:6   | Reached XP level 14. HP: 73/126 MP: 11/11
 17346 | Lair:6   | Reached skill level 16 in Invocations
 18275 | D:12     | Noticed Fannar
 18302 | D:12     | Killed Fannar
 18355 | D:12     | Found a glowing silver altar of Zin.
 18603 | D:13     | Noticed Maurice
 18603 | D:13     | Found a flagged portal.
 18608 | D:13     | Killed Maurice
 18681 | Bailey   | Entered a bailey
 18717 | Bailey   | Noticed an orc warlord
 18825 | Bailey   | Found a runed gate.
 18825 | Bailey   | Found a runed gate.
 18849 | Bailey   | Found a runed gate.
 18980 | Bailey   | Killed an orc warlord
 19006 | Bailey   | Identified a scroll of acquirement
 19009 | Bailey   | Got a steaming shield
 19013 | Bailey   | Identified the +0 shield of Soaharr {rElec Dex+3} (You acquired it in a bailey)
 19018 | Bailey   | Reached XP level 15. HP: 85/132 MP: 11/11
 19547 | D:13     | Reached skill level 17 in Invocations
 19707 | D:13     | Found a gate to the Vaults.
 19872 | D:14     | Noticed Urug
 19887 | D:14     | Killed Urug
 20144 | D:14     | Noticed Azrael
 20174 | D:14     | Killed Azrael
 20315 | D:15     | Entered Level 15 of the Dungeon
 20625 | D:15     | Reached XP level 16. HP: 63/140 MP: 11/11
 20955 | D:15     | Found a basalt altar of Yredelemnul.
 21062 | D:15     | Found a staircase to the Depths.
 21163 | D:15     | Noticed Jessica
 21171 | D:15     | Killed Jessica
 21178 | D:15     | Found a deep blue altar of Sif Muna.
 21404 | Orc:1    | Entered Level 1 of the Orcish Mines
 21413 | Orc:1    | Reached skill level 18 in Invocations
 22090 | Orc:2    | Entered Level 2 of the Orcish Mines
 22599 | Orc:2    | Found a roughly hewn altar of Beogh.
 22708 | Orc:2    | Found Jopeosk's General Store.
 22730 | Orc:2    | Found Ziex's Antique Armour Shoppe.
 22754 | Orc:2    | Bought a runed helmet for 172 gold pieces
 23020 | Orc:2    | Identified the cursed +1 dire flail of Causality {freeze, rN+++ Str-3 Int-3 Stlth+} (You found it on level 2 of the Orcish Mines)
 23104 | Orc:2    | Found a staircase to the Elven Halls.
 23172 | Orc:2    | Found Imatucog's Armour Shop.
 23207 | Orc:2    | Bought the +2 hat of Xaihie {+Fly rCorr MP+9 Slay+3} for 662 gold pieces
 23349 | Orc:2    | Found a roughly hewn altar of Beogh.
 23430 | Orc:2    | Found Gudunloxe's Assorted Antiques.
 23461 | Orc:2    | Bought a scroll of enchant weapon for 195 gold pieces
 24000 | Spider:1 | Entered Level 1 of the Spider Nest
 24096 | Spider:1 | Noticed Frances
 24108 | Spider:1 | Killed Frances
 24273 | Spider:1 | Noticed Nikola
 24283 | Spider:1 | Killed from afar by Nikola

Vault maps used:
D:1:      sevenhm_arrival_forest_fort_small_6, serial_bayou_lagoon_a
D:3:      minmay_door_path, dk_noncrumbling_4, grunt_dithmenos_smoke,
          uniq_natasha, uniq_terence
D:4:      serial_shops, shop, serial_glass, glass_columns_c, glass_columns_b,
          item_on_display_a, due_unseen_surprise, gup_sewer_entry_bowl,
          hangedman_abyss_or_decor_lesser_grid
D:5:      first_ration, minivault_24, uniq_pikel, uniq_eustachio,
          uniq_blork_the_orc
D:6:      grunt_qazlal_clouds, minmay_temple_entry_hall, serial_shops,
          nicolae_shop_window_shopping
D:7:      minmay_shop_grid_forest
D:8:      serial_shops, shop
D:9:      uniq_erolcha
D:10:     lair_entry_dummy, hangedman_pestilent_swarm
D:11:     orc_0_dummy, grunt_gozag_statues
D:12:     basic_altar, minmay_variable_closet, uniq_fannar
D:13:     david_vaults_4, enter_bailey_3, minmay_misc_feat_four_crosses,
          nicolae_wwwww, minmay_crystal_room, uniq_maurice
D:14:     nrook_mini_vaults, argonaut_gorgonesque, uniq_azrael, uniq_urug
D:15:     grunt_enter_depths_magical_seal, basic_altar, tgw_sif
Temple:   dpeg_three_leaves_temple
Lair:1:   st_stairs_3, grunt_megastairs_2, uniq_joseph, uniq_grum
Lair:2:   nicolae_spider_entry_orb_guardian
Lair:3:   minmay_guarded_unrand_snakebite, elwin_shoals_entry_rooms,
          lemuel_fruit_tree, minmay_lair_oklob_chamber
Lair:4:   fungi_pond_lemuel, grunt_megastairs_4
Lair:6:   hangedman_lair_tendril_chambers, guppyfry_lair_end_dragon,
          minmay_slime_entry_eyes, lemuel_fruit_fields
Spider:1: uniq_nikola, uniq_donald, uniq_frances
Orc:1:    nicolae_orc_bridge_out
Orc:2:    pubby_orc_utopia, serial_shops
Sewer:    sewer_kobolds
Bailey:   bailey_axe_bossmonster_kennysheep, bailey

Skill      XL: |  1  2  3  4  5  6  7  8  9 10 11 12 13 14 15 16 |
---------------+-------------------------------------------------+-----
Fighting       | 1 2 3 4 5 6 7 8 9 |  9.0
Evocations     | 5 6 7 8 9 10 | 10.0
Axes           | 2 5 7 9 11 12 14 15 16 17 | 17.7
Invocations    | 5 9 12 13 15 16 17 18 | 18.9
Armour         | 6 9 11 12 13 14 | 14.7
Dodging        | 7 |  7.0
Short Blades   | |  0.8
Stealth        | |  1.2

Action                   |  1- 3 |  4- 6 |  7- 9 | 10-12 | 13-15 | 16-18 || total
-------------------------+-------+-------+-------+-------+-------+-------++-------
Melee: Short sword       |    52 |       |       |       |       |       ||    52
       Whip              |   140 |   293 |       |       |       |       ||   433
       War axe           |       |    78 |   457 |   162 |       |       ||   697
       Battleaxe         |       |       |       |   632 |  1013 |   621 ||  2266
       Falchion          |       |       |       |    27 |    16 |       ||    43
Throw: Javelin           |       |       |       |       |     2 |       ||     2
Invok: Lesser Servant of |       |       |       |       |    17 |     1 ||    18
       Greater Servant o |       |       |       |       |     3 |     3 ||     6
 Abil: Heal Wounds       |       |     5 |    17 |     9 |    25 |     4 ||    60
Evoke: Wand              |       |    12 |    26 |    73 |    65 |    25 ||   201
  Use: Scroll            |       |     7 |     5 |     9 |    17 |     1 ||    39
       Potion            |       |       |       |     1 |    13 |     5 ||    19
 Stab: Sleeping          |       |     3 |       |       |       |       ||     3
       Distracted        |       |     1 |     1 |       |     6 |     1 ||     9
       Paralysed         |       |       |     2 |    35 |    63 |       ||   100
       Petrified         |       |       |       |       |     8 |       ||     8
       Petrifying        |       |       |       |       |     1 |       ||     1
  Eat: Chunk             |     2 |     9 |    11 |    21 |    24 |    13 ||    80
       Ration            |       |       |       |       |     1 |       ||     1
Armor: Leather armour    |    13 |       |       |       |       |       ||    13
       Scale mail        |    75 |   188 |    88 |       |       |       ||   351
       Chain mail        |       |       |   205 |   454 |       |       ||   659
       Plate armour      |       |       |       |   198 |   506 |       ||   704
       Fire dragon scale |       |       |       |       |   336 |   407 ||   743
Dodge: Dodged            |   140 |   231 |   215 |   381 |   566 |   496 ||  2029
       Rpst.: Falchion   |       |       |       |     3 |       |       ||     3

Table legend:
 A = Spawn XP
 B = Non-spawn XP
 C = Spawn XP percentage of total XP
 D = Spawn monster count
 E = Non-spawn monster count
 F = Spawn count percentage of total count
 G = Total turns spent on level
                    A         B        C        D         E        F      G
               +---------+---------+-------+---------+---------+-------+---------
         Total |       0 |  167060 |   0.0 |       0 |     953 |   0.0 | 24283
               +---------+---------+-------+---------+---------+-------+---------
           D:1 |       0 |      57 |   0.0 |       0 |      30 |   0.0 |  1432
           D:2 |       0 |     134 |   0.0 |       0 |      25 |   0.0 |   933
           D:3 |       0 |     420 |   0.0 |       0 |      42 |   0.0 |  1304
           D:4 |       0 |      71 |   0.0 |       0 |       8 |   0.0 |   498
           D:5 |       0 |    1388 |   0.0 |       0 |      25 |   0.0 |  1026
           D:6 |       0 |    1139 |   0.0 |       0 |      23 |   0.0 |   889
           D:7 |       0 |     906 |   0.0 |       0 |      21 |   0.0 |   664
           D:8 |       0 |    1303 |   0.0 |       0 |      27 |   0.0 |   577
           D:9 |       0 |    2168 |   0.0 |       0 |      22 |   0.0 |  1066
          D:10 |       0 |    4974 |   0.0 |       0 |      52 |   0.0 |   983
          D:11 |       0 |    6172 |   0.0 |       0 |      41 |   0.0 |  1290
          D:12 |       0 |    9218 |   0.0 |       0 |      34 |   0.0 |   669
          D:13 |       0 |   12071 |   0.0 |       0 |      50 |   0.0 |  1066
          D:14 |       0 |   12941 |   0.0 |       0 |      34 |   0.0 |   717
          D:15 |       0 |   15133 |   0.0 |       0 |      35 |   0.0 |   683
        Lair:1 |       0 |    4397 |   0.0 |       0 |      21 |   0.0 |  1018
        Lair:2 |       0 |    6879 |   0.0 |       0 |      24 |   0.0 |   948
        Lair:3 |       0 |   11338 |   0.0 |       0 |      44 |   0.0 |  1059
        Lair:4 |       0 |    2103 |   0.0 |       0 |       8 |   0.0 |  1354
        Lair:5 |       0 |    8191 |   0.0 |       0 |      34 |   0.0 |  1029
        Lair:6 |       0 |   20121 |   0.0 |       0 |      86 |   0.0 |  1774
      Spider:1 |       0 |   18155 |   0.0 |       0 |      53 |   0.0 |   270
         Orc:1 |       0 |    3186 |   0.0 |       0 |      31 |   0.0 |   704
         Orc:2 |       0 |   21928 |   0.0 |       0 |     146 |   0.0 |  1737
         Sewer |       0 |     112 |   0.0 |       0 |      10 |   0.0 |   220
        Bailey |       0 |    2555 |   0.0 |       0 |      27 |   0.0 |   366
               +---------+---------+-------+---------+---------+-------+---------
